 Dungeon Crawl Stone Soup version 0.31-a0-1576-ga3383bade6 (webtiles) character file.

Game seed: 17186084371920845929

66 grandjackal the Chopper (level 3, 0/29 HPs)
             Began as a Demonspawn Gladiator on Jan 4, 2024.
             Slain by a gnoll
             ... wielding a +0 halberd
              (7 damage)
             ... on level 3 of the Dungeon.
             The game lasted 00:01:26 (1814 turns).

grandjackal the Chopper (Demonspawn Gladiator)      Turns: 1814, Time: 00:01:26

Health: 0/29       AC:  4    Str: 16    XL:     3   Next: 96%
Magic:  3/3        EV: 12    Int:  8    God:
Gold:   60         SH:  0    Dex: 14    Spells: 2/2 levels left

rFire   . . .        a - +0 war axe
rCold   . . .        (no shield)
rNeg    . . .        b - +0 leather armour
rPois   .            c - +0 helmet
rElec   .            (no cloak)
rCorr   .            (no gloves)
SInv    .            (no boots)
Will    .....        (no amulet)
Stlth   +            (no ring)
HPRegen 0.24/turn    (no ring)
MPRegen 0.08/turn

%: no passive effects
@: no status effects
A: ignite blood 1
a: no special abilities


You were on level 3 of the Dungeon.
You visited 1 branch of the dungeon, and saw 3 of its levels.

You collected 60 gold pieces.

Inventory:

Hand Weapons
 a - a +0 war axe (weapon)
Missiles
 d - 3 throwing nets (quivered)
 e - a javelin
Armour
 b - a +0 leather armour (worn)
 c - a +0 helmet (worn)
Jewellery
 n - an amulet of faith
Scrolls
 h - 2 scrolls of identify {unknown}
 m - a scroll of vulnerability {unknown}
 o - a scroll of revelation {unknown}
 p - a scroll of enchant weapon {unknown}
 q - a scroll of fear {unknown}
Potions
 f - a potion of heal wounds {unknown}
 g - 4 potions of curing {unknown}
 i - a potion of cancellation {unknown}
 j - 2 potions of lignification {unknown}
 k - a potion of brilliance {unknown}
 l - a potion of haste {unknown}


   Skills:
 + Level 3.1 Fighting
 + Level 3.4 Axes
 - Level 2.0 Throwing
 - Level 3.0 Dodging


You had 2 spell levels left.
You didn't know any spells.
Your spell library was empty.

Dungeon Overview and Level Annotations

Branches:
Dungeon (3/15)

Altars:


Innate Abilities, Weirdness & Mutations

Your demonic aura sometimes causes spilled blood to erupt in flames.


Message History

The dart slug bites you. The quokka completely misses you.
Unknown command.
You barely miss the dart slug.
The dart slug is heavily wounded.
You hit the quokka. The quokka barely misses you.
The dart slug closely misses you.
The quokka bites you but does no damage.
Unknown command.
You slash the dart slug!
You kill the dart slug!
You miss the quokka.
The quokka bites you but does no damage.
The quokka bites you.
You slash the quokka!
You kill the quokka!
No target in view!
You now have 60 gold pieces (gained 7).
A gnoll comes into view. It is wielding a +0 halberd.
Found an onyx ring.
A gnoll is nearby!
A gnoll is nearby!
The gnoll shouts!
A gnoll comes into view. It is wielding a +0 flail.
Found a robe.
The gnoll shouts! 2 gnolls come into view.
A gnoll is wielding a +0 club and quivering a throwing net.
The gnoll shouts!
The gnoll hits you from afar with a +0 halberd!
The gnoll hits you with a +0 halberd!
You completely miss the gnoll.
The gnoll shouts!
You hear an angry hiss.
The gnoll misses you. The gnoll closely misses you.
The gnoll attacks as it pursues you! The gnoll hits you with a +0 flail.
* * * LOW HITPOINT WARNING * * *
The gnoll closely misses you.
A bat comes into view.
The gnoll attacks as it pursues you!
The gnoll hits you from afar with a +0 halberd!
You die...

######......###.......
#...........###.......
#............... ....#
####...............
....
#...#####.†>.......
...
#....####..........
#..................
#..................
#.......@...###....
#.......g..........
#.....g○..........
#....g.##........
#......##...b....
#.....g#####.....
#....=g# .....
#....... ... #.[.....
..


You could see 4 gnolls and a bat.

Vanquished Creatures
  An adder (D:2)
  2 dart slugs
  A ribbon worm (D:2)
  2 orcs
  A bat (D:2)
  9 endoplasms
  3 giant cockroaches
  6 goblins
  2 hobgoblins (D:1)
  4 kobolds
  3 quokkas
  5 ball pythons
  3 frilled lizards
  3 rats
45 creatures vanquished.

Notes
Turn   | Place    | Note
-------+----------+-------------------------------------------
     0 | D:1      | grandjackal the Demonspawn Gladiator began the quest for
                  | the Orb.
     0 | D:1      | Reached XP level 1. HP: 16/16 MP: 1/1
   340 | D:1      | Gained mutation: Your demonic aura sometimes causes spilled
                  | blood to erupt in flames. [demonic ancestry]
   340 | D:1      | Reached XP level 2. HP: 20/22 MP: 2/2
   352 | D:1      | Found a faded altar of an unknown god.
  1023 | D:2      | Reached XP level 3. HP: 22/28 MP: 3/3
  1814 | D:3      | Slain by a gnoll

Illustrated notes

Levels and vault maps discovered:
D:1:      dpeg_arrival_castle, layout_loops_corners,
          chequers_ecumenical_altar_simple
D:2:      layout_basic
D:3:      layout_basic, lemuel_round_altar, nemelex_diamond_rough_becter

Skill      XL: |  1  2  3 |
---------------+----------+-----
Throwing       | 2 |  2.0
Dodging        | 3 |  3.0
Axes           | 3 |  3.4
Fighting       | 3 |  3.1

Action                     || total
---------------------------++-------
  Melee: War axe           ||    96
   Stab: Sleeping          ||     1
 Armour: Leather armour    ||    68
  Dodge: Dodged            ||    86

Table legend: (Time is in decaauts)
 A = Elapsed time spent in this place.
 B = Non-inter-level travel time spent in this place.
 C = Inter-level travel time spent in this place.
 D = Time resting spent in this place.
 E = Time spent auto-exploring this place.
 F = Levels seen in this place.
 G = Mean time per level.
                   A        B        C        D        E       F      G
               +--------+--------+--------+--------+--------+-----+--------+
         Total |   1850 |   1796 |     54 |      3 |   1497 |   3 |  616.7 |
       Dungeon |   1850 |   1796 |     54 |      3 |   1497 |   3 |  616.7 |
               +--------+--------+--------+--------+--------+-----+--------+

Top non-repeatable levels by time:
     D:1: 1021 daAuts
     D:2: 628 daAuts
     D:3: 201 daAuts
